 Dungeon Crawl Stone Soup version 0.20-a0-909-g1a4ba80 (webtiles) character file.

66 Devintownsend the Covered (level 3, 0/33 HPs)
             Began as a Minotaur Fighter on Mar 24, 2017.
             Succumbed to an adder's poison
             ... on level 3 of the Dungeon.
             The game lasted 00:05:12 (1340 turns).

Devintownsend the Covered (Minotaur Fighter)        Turns: 1340, Time: 00:05:13

Health: 0/33       AC:  8    Str: 26    XL:     3   Next: 96%
Magic:  2/2        EV:  7    Int:  5    God:
Gold:   94         SH: 10    Dex:  9    Spells: 2/2 levels left

rFire    . . .     SeeInvis .   n - +0 broad axe
rCold    . . .     Gourm    .   b - +0 scale mail
rNeg     . . .     Faith    .   c - +0 shield
rPois    .         Spirit   .   (helmet restricted)
rElec    .         Reflect  .   (no cloak)
rCorr    .         Harm     .   (no gloves)
MR       .....                  k - +0 pair of boots
Stlth    ..........             (no amulet)
Regen    0.2/turn               (no ring)
MPRegen  0.1/turn               (no ring)

@: mighty, lethally poisoned (0 -> -2), slowed, very slow
A: retaliatory headbutt, horns 2
a: no special abilities


You were on level 3 of the Dungeon.
You were very hungry.

You visited 1 branch of the dungeon, and saw 3 of its levels.

You collected 94 gold pieces.

Inventory:

Hand Weapons
 a - a +0 war axe
 n - a +0 broad axe (weapon)
Armour
 b - a +0 scale mail (worn)
 c - a +0 shield (worn)
 k - a +0 pair of boots (worn)
Scrolls
 e - a scroll of magic mapping {unknown}
 g - a scroll of remove curse {unknown}
 h - a scroll of recharging {unknown}
 i - a scroll of noise {unknown}
 j - 2 scrolls of fear {unknown}
 o - a scroll of amnesia {unknown}
Potions
 l - a potion of degeneration {unknown}
 m - a potion of brilliance {unknown}
Comestibles
 f - a bread ration


   Skills:
 + Level 4.1 Fighting
 + Level 3.6 Axes
 + Level 4.2 Armour
 + Level 4.2 Shields


You had 2 spell levels left.
You didn't know any spells.

Dungeon Overview and Level Annotations

Branches:
Dungeon (3/15)

Altars:
Fedhas
Gozag

Annotations:
D:3 Natasha


Innate Abilities, Weirdness & Mutations

You reflexively headbutt those who attack you in melee.
You have a pair of horns on your head.


Message History

The goblin wields an uncursed hunting sling.
The goblin shoots a stone.
You block the stone. The hobgoblin barely misses you. You furiously retaliate!
You headbutt the hobgoblin, but do no damage.
Natasha casts a spell at you.
You feel yourself slow down.
You see here a stone.
You feel sick.
The goblin shoots a stone.
The stone barely misses you.
The hobgoblin hits you but does no damage.
Natasha casts a spell at you.
You feel as though you will be slow longer.
The goblin shoots a stone.
The stone hits you.
* * * LOW HITPOINT WARNING * * *
Natasha growls.
The hobgoblin completely misses you. You furiously retaliate!
You headbutt the hobgoblin!
You kill the hobgoblin!
You see here a stone.
You feel very mighty all of a sudden.
You die...

#.# #.### #.#.+....
##+####.#.#....
#.....#.#.#...
#.....#.#.#..#
#.....#.#.#..#
########.((.(#.#.#..#
......5gh†@..'..>#..#
#......#5....#...<(.#
+.......#.####......#
#.......#.# #......#
........#.# #......#
..[.###.... #.#+#..#
.... ..... #.# ..#
... #..... #.. #.# ..
.#


You could see Natasha, 2 shadow imps and a goblin.

Vanquished Creatures
  An adder (D:3)
  2 oozes (D:2)
  2 worms (D:2)
  A dart slug (D:1)
  A ball python (D:2)
  A giant cockroach (D:2)
  5 goblins
  5 hobgoblins
  2 jackals (D:1)
  6 kobolds
  2 quokkas (D:2)
  7 bats
  2 frilled lizards
  3 rats
40 creatures vanquished.

Notes
Turn   | Place    | Note
-------+----------+-------------------------------------------
     0 | D:1      | Devintownsend the Minotaur Fighter began the quest for the Orb.
     0 | D:1      | Reached XP level 1. HP: 19/19 MP: 0/0
   166 | D:1      | Reached XP level 2. HP: 27/27 MP: 1/1
   672 | D:2      | Reached XP level 3. HP: 33/33 MP: 2/2
   782 | D:2      | Found an opulent altar of Gozag.
   839 | D:2      | Found a blossoming altar of Fedhas.
  1331 | D:3      | Noticed Natasha
  1339 | D:3      | HP: 1/33 [goblin/stone (4)]
  1340 | D:3      | Succumbed to an adder's poison

Vault maps used:
D:1:      dpeg_arrival_boxorama, hangedman_decor_push, corexii_leaking_fountain,
          kennysheep_nondescript
D:2:      fedhas_altar_1, dk_noncrumbling_4, nicolae_gozag_seed_capital
D:3:      lemuel_crystal_altar, fiery_altar_vehumet, lemuel_crystal_altar,
          uniq_natasha, uniq_sigmund

Skill      XL: |  1  2  3 |
---------------+----------+-----
Armour         | 4 |  4.2
Axes           | 3 |  3.6
Fighting       | 4 |  4.1
Shields        | 4 |  4.2

Action                   || total
-------------------------++-------
Melee: War axe           ||    95
       Headbutt          ||    12
       Broad axe         ||     8
  Use: Potion            ||     1
Armor: Scale mail        ||    59
Dodge: Dodged            ||    46
Block: Shield            ||    75
